 Dungeon Crawl Stone Soup version 0.19-a0-14-gde87d98 (webtiles) character file.

6171 Mefis the Thaumaturge (level 10, 0/50 HPs)
             Began as a Deep Elf Wizard on Apr 29, 2016.
             Was an Elder of Sif Muna.
             Slain by a killer bee (10 damage)
             ... on level 9 of the Dungeon.
             The game lasted 01:36:49 (14609 turns).

Mefis the Thaumaturge (Deep Elf Wizard)            Turns: 14609, Time: 01:36:50

Health: 0/50       AC:  6    Str:  4    XL:     10   Next: 60%
Magic:  0/33       EV: 15    Int: 27    God:    Sif Muna [****..]
Gold:   543        SH:  2    Dex: 13    Spells: 7 memorised, 11 levels left

rFire  + . .     SeeInvis .     M - +0 shortbow
rCold  x . .     Gourm    .     s - +2 robe {MR+}
rNeg   . . .     Faith    .     (shield currently unavailable)
rPois  .         Spirit   .     b - +1 hat
rElec  .         Dismiss  .     (no cloak)
rCorr  .         Reflect  +     O - +0 pair of gloves (curse)
SustAt .         Harm     .     (no boots)
MR     ++...                    K - +2 amulet of reflection
Stlth  +++.......               F - ring of fire
                                Q - ring of magical power

@: repel missiles, very resistant to hostile enchantments, fairly stealthy
A: no striking features
a: Channel Energy, Forget Spell, Renounce Religion


You were on level 9 of the Dungeon.
You worshipped Sif Muna.
Sif Muna was greatly pleased with you.
You were very hungry.

You visited 2 branches of the dungeon, and saw 10 of its levels.

You collected 543 gold pieces.

Inventory:

Hand Weapons
 m - a +0 dagger of protection
 o - a +0 hunting sling
 M - a +0 shortbow (weapon)
 U - a +0 dagger of distortion
Missiles
 w - 45 sling bullets
 D - 98 stones
 I - 18 poisoned needles
 N - 58 arrows (quivered)
 R - 6 curare-tipped needles
Armour
 a - a +0 robe
 b - a +1 hat (worn)
 n - a +2 buckler
 r - a +2 animal skin
 s - a +2 robe of magic resistance (worn)
 O - a cursed +0 pair of gloves (worn)
 S - a +1 robe of cold resistance
Jewellery
 e - an uncursed amulet of the gourmand
 h - an uncursed ring of poison resistance
 i - an uncursed ring of protection from fire
 F - a ring of fire (right hand)
 J - an uncursed ring of poison resistance
 K - a +2 amulet of reflection (around neck)
 Q - a ring of magical power (left hand)
Wands
 V - a wand of lightning (0/15)
 W - a wand of lightning (12/15)
Scrolls
 g - 5 scrolls of remove curse
 j - a scroll of fear {unknown}
 l - a scroll of immolation
 q - 2 scrolls of teleportation
 v - a scroll of enchant weapon
 x - 3 scrolls of fog
 y - 4 scrolls of identify
 H - 2 scrolls of holy word {unknown}
 P - a scroll of recharging {unknown}
Potions
 f - 7 potions of curing
 p - 2 potions of flight {unknown}
 t - a potion of agility {unknown}
 z - a potion of degeneration {unknown}
 A - a potion of cancellation {unknown}
 B - a potion of cure mutation {unknown}
 C - a potion of berserk rage {unknown}
 E - 2 potions of might {unknown}
 L - 5 potions of haste {unknown}
 T - a potion of beneficial mutation {unknown}
 X - a potion of lignification {unknown}
Books
 c - a book of Minor Magic

   Spells                             Type                      Level
   a - Magic Dart                     Conjuration                  1
   b - Blink                          Translocation                2
   c - Call Imp                       Summoning                    2
   d - Repel Missiles                 Charms/Air                   2
   e - Slow                           Hexes                        2
   f - Conjure Flame                  Conjuration/Fire             3
   g - Mephitic Cloud                 Conjuration/Poison/Air       3
Comestibles
 d - 4 bread rations
 k - 4 beef jerkies
 u - 3 meat rations
 G - a royal jelly
 Y - a fruit
 Z - a slice of pizza


   Skills:
 + Level 6.8 Dodging
 + Level 7.1 Stealth
 + Level 8.7 Spellcasting
 + Level 5.6 Conjurations
 + Level 4.8 Hexes
 + Level 6.7 Charms
 + Level 5.6 Summonings
 + Level 5.2 Translocations
 + Level 4.0 Fire Magic
 + Level 5.3 Poison Magic
 + Level 4.0 Invocations


You had 11 spell levels left.
You knew the following spells:

 Your Spells              Type           Power        Failure   Level  Hunger
a - Magic Dart            Conj           ####         1%          1    None
b - Call Imp              Summ           #####...     1%          2    None
c - Blink                 Tloc           N/A          1%          2    None
d - Repel Missiles        Chrm/Air       ####..       1%          2    None
e - Mephitic Cloud        Conj/Pois/Air  ####....     3%          3    None
f - Conjure Flame         Conj/Fire      ######..     1%          3    None
g - Slow                  Hex            #####...     1%          2    None


Dungeon Overview and Level Annotations

Branches:
Dungeon (9/15)             Temple (1/1) D:4            Lair (0/8) D:9
    Orc: D:9-12

Altars:
Ashenzari
Cheibriados
Dithmenos
Elyvilon
Fedhas
Gozag
Kikubaaqudgha
Makhleb
Nemelex Xobeh
Okawaru
Pakellas
Qazlal
Ru
Sif Muna
Trog
Vehumet
Xom
Yredelemnul
Zin
The Shining One

Shops:
D:5 [


Message History

Press: ? - help, Shift-Dir - straight line, f - killer bee
Aim: a killer bee (heavily wounded)
The magic dart hits the killer bee.
The killer bee is severely wounded.
The killer bee misses you. The killer bee barely misses you.
Casting: Magic Dart
Confirm with . or Enter, or press ? or * to list all spells.
Aiming: Magic Dart
Press: ? - help, Shift-Dir - straight line, f/p - killer bee
Aim: a killer bee (severely wounded)
The magic dart hits the killer bee.
The killer bee is severely wounded.
The killer bee stings you.
* * * LOW HITPOINT WARNING * * *
You are poisoned.
The killer bee poisons you! The killer bee stings you.
* * * LOW HITPOINT WARNING * * *
Drink which item? (? for menu, Esc to quit)
You feel better. The killer bee stings you!
You die...

...#.....#.#....§..........§.....
...#.....#.#.....................
...#.....#.#.............Y.......
...#.....#.#.....................
...#.....#.#.....................
...#.....#.#..................###
...#.....#.#..................#
...#######.#....y...>.(.......
...........#....@.............
#..........#............
#.)........'............
#........#'#............
#........#..............
#........#..............
#........#..............
#........#..............
#........#


You could see a killer bee.

Vanquished Creatures
  The ghost of MagicLamp the Spear-Bearer, a novice MfGl (D:6)
  Pikel (D:7)
  Psyche (D:7)
  A blink frog (D:9)
  5 yaks (D:9)
  A hippogriff (D:9)
  A steam dragon (D:8)
  A hungry ghost (D:8)
  A water moccasin (D:8)
  3 orc warriors
  A wasp (D:9)
  An ice beast (D:8)
  2 slaves
  2 phantoms
  2 centaurs
  5 ogres
  4 giant frogs (D:9)
  A water moccasin zombie (D:6)
  A scorpion (D:6)
  A wyvern skeleton (D:8)
  6 killer bees
  5 howler monkeys
  2 jellies
  3 crimson imps
  2 giant frog zombies (D:5)
  A giant frog skeleton (D:5)
  A hound (D:6)
  6 orc wizards
  5 orc priests
  Jessica (D:3)
  6 iguanas
  Natasha (twice) (D:3)
  6 worker ants
  A killer bee zombie (D:6)
  A hound zombie (D:9)
  The ghost of M4edhros the Grave Robber, a weakling OpNe (D:4)
  2 hound skeletons (D:5)
  A howler monkey zombie (D:9)
  Robin (D:3)
  9 adders
  3 shadow imps
  2 oozes (D:4)
  An adder skeleton (D:4)
  4 dart slugs
  12 giant geckos
  25 orcs
  6 giant cockroaches
  15 goblins
  7 hobgoblins
  14 jackals
  10 kobolds
  5 quokkas
  3 ball pythons
  10 bats
  7 giant newts
  12 rats
234 creatures vanquished.

Vanquished Creatures (collateral kills)
  Sigmund (D:3)
  Eustachio (D:4)
  3 hounds
  Natasha (D:3)
  3 worker ants
  Terence (D:3)
  2 adders
  4 worms
  2 hobgoblins
  5 jackals
  A bat (D:2)
  A kobold (D:2)
25 creatures vanquished.

Vanquished Creatures (others)
  2 slaves (D:7)
  An orc (D:8)
3 creatures vanquished.

Grand Total: 262 creatures vanquished

Notes
Turn   | Place    | Note
--------------------------------------------------------------
     0 | D:1      | Mefis the Deep Elf Wizard began the quest for the Orb.
     0 | D:1      | Reached XP level 1. HP: 10/10 MP: 7/7
   244 | D:1      | Reached skill level 5 in Spellcasting
   244 | D:1      | Reached XP level 2. HP: 15/15 MP: 5/10
   248 | D:1      | Learned a level 2 spell: Call Imp
   251 | D:1      | Learned a level 2 spell: Blink
   254 | D:1      | Learned a level 2 spell: Repel Missiles
   779 | D:1      | Reached XP level 3. HP: 19/19 MP: 8/11
   784 | D:1      | Learned a level 3 spell: Mephitic Cloud
  1003 | D:2      | Reached skill level 1 in Charms
  1389 | D:2      | Found an oddly glowing altar of Pakellas.
  1989 | D:3      | Learned a level 3 spell: Conjure Flame
  1996 | D:3      | Noticed Robin
  2017 | D:3      | Reached XP level 4. HP: 24/24 MP: 1/13
  2037 | D:3      | Killed Robin
  2156 | D:3      | Reached skill level 1 in Poison Magic
  2163 | D:3      | Noticed Jessica
  2166 | D:3      | Killed Jessica
  2172 | D:3      | Noticed Natasha
  2200 | D:3      | Killed Natasha
  2245 | D:2      | Reached XP level 5. HP: 20/28 MP: 0/15
  2704 | D:3      | Noticed Terence
  2708 | D:3      | Noticed Sigmund
  3127 | D:4      | Noticed an ogre
  3135 | D:4      | Killed an ogre
  3159 | D:4      | Noticed an ogre
  3226 | D:4      | Reached skill level 6 in Spellcasting
  3226 | D:4      | Reached XP level 6. HP: 32/32 MP: 4/17
  3653 | D:3      | Noticed Natasha
  3658 | D:3      | Killed Natasha
  4001 | D:3      | Killed Terence
  4189 | D:3      | Noticed Natasha
  4267 | D:3      | Killed Natasha
  4276 | D:3      | Killed Sigmund
  4276 | D:3      | Reached XP level 7. HP: 20/36 MP: 1/18
  4280 | D:3      | Learned a level 2 spell: Slow
  5091 | D:4      | Noticed M4edhros's ghost (weakling OpNe)
  5098 | D:4      | Killed M4edhros's ghost
  5148 | D:4      | Noticed Eustachio
  5174 | D:4      | Found a sparkling altar of Nemelex Xobeh.
  5179 | D:4      | Killed Eustachio
  5314 | D:4      | Found a staircase to the Ecumenical Temple.
  5342 | Temple   | Entered the Ecumenical Temple
  5355 | Temple   | Became a worshipper of Sif Muna the Loreminder
  5877 | D:4      | Found a bloodstained altar of Trog.
  5897 | D:5      | Entered Level 5 of the Dungeon
  6234 | D:5      | Reached XP level 8. HP: 41/41 MP: 4/20
  6452 | D:5      | Found a shattered altar of Ashenzari.
  6624 | D:5      | Reached skill level 1 in Hexes
  6624 | D:5      | Reached skill level 1 in Fire Magic
  6624 | D:5      | Reached skill level 1 in Invocations
  6773 | D:5      | Found Mikh's Armour Emporium.
  6962 | D:6      | Reached skill level 7 in Spellcasting
  7218 | D:6      | Noticed MagicLamp's ghost (novice MfGl)
  7303 | D:6      | Found a white marble altar of Elyvilon.
  7790 | D:5      | Reached skill level 5 in Stealth
  8206 | D:6      | Reached * piety under Sif Muna
  8611 | D:5      | Reached skill level 5 in Dodging
  8759 | D:6      | Killed MagicLamp's ghost
  8759 | D:6      | Reached skill level 5 in Charms
  8759 | D:6      | Reached XP level 9. HP: 45/45 MP: 0/22
  8999 | D:7      | Found a burning altar of Makhleb.
  8999 | D:7      | Found a shimmering altar of Xom.
  9006 | D:7      | Reached ** piety under Sif Muna
  9186 | D:7      | Found a blossoming altar of Fedhas.
  9189 | D:7      | Found a shadowy altar of Dithmenos.
  9206 | D:7      | Found a snail-covered altar of Cheibriados.
  9942 | D:8      | Noticed Pikel
  9947 | D:8      | Noticed Psyche
 10737 | D:7      | Killed Psyche
 10746 | D:7      | Killed Pikel
 11203 | D:8      | Reached skill level 5 in Conjurations
 11286 | D:8      | Reached skill level 5 in Summonings
 11632 | D:8      | Reached skill level 8 in Spellcasting
 11649 | D:8      | Reached *** piety under Sif Muna
 11809 | D:8      | Reached XP level 10. HP: 42/50 MP: 20/24
 13014 | D:8      | Reached skill level 5 in Translocations
 13014 | D:8      | Reached skill level 5 in Poison Magic
 14154 | D:9      | Reached **** piety under Sif Muna
 14573 | D:9      | Found a staircase to the Lair.
 14609 | D:9      | Slain by a killer bee

Vault maps used:
D:1:      sevenhm_arrival_forest_fort_small_5
D:2:      grunt_pakellas_basics, first_bread, minmay_cut_off
D:3:      kennysheep_cross_bottleneck, uniq_sigmund, uniq_natasha, uniq_robin,
          uniq_terence, uniq_jessica
D:4:      lemuel_crystal_altar, minmay_temple_entry_grid,
          nemelex_xobeh_ov_fountains_minmay, uniq_eustachio
D:5:      serial_shops, kennysheep_mini, nicolae_ashenzari_panopticon
D:6:      nicolae_overflow_crystal_walls, gup_sewer_entry_spiral
D:7:      grunt_temple_overflow_champion_of_chaos, grunt_temple_overflow_diamond
D:8:      uniq_pikel, uniq_psyche
D:9:      dpeg_lair_monsters, david_nohive_1
Temple:   zaba_magenta_temple_12

Skill      XL: |  1  2  3  4  5  6  7  8  9 10 |
---------------+-------------------------------+-----
Spellcasting   | 5 6 7 8 |  8.7
Charms         | 1 2 3 4 5 6 |  6.7
Dodging        | 3 4 5 6 |  6.8
Poison Magic   | 1 2 3 4 5 |  5.3
Stealth        | 3 4 5 6 7 |  7.1
Translocations | 2 3 4 5 |  5.2
Summonings     | 2 3 4 5 |  5.6
Conjurations   | 2 3 4 5 |  5.6
Hexes          | 2 3 4 |  4.8
Fire Magic     | 2 3 4 |  4.0
Invocations    | 2 3 4 |  4.0

Action                   |  1- 3 |  4- 6 |  7- 9 | 10-12 || total
-------------------------+-------+-------+-------+-------++-------
Melee: Dagger            |       |     7 |    19 |       ||    26
 Fire: Hunting sling     |    20 |    33 |       |       ||    53
       Shortbow          |       |       |    16 |       ||    16
Throw: Stone             |       |       |    30 |       ||    30
 Cast: Magic Dart        |   116 |   102 |   499 |   296 ||  1013
       Repel Missiles    |     1 |       |       |       ||     1
       Call Imp          |     4 |    15 |    20 |     2 ||    41
       Mephitic Cloud    |     4 |    15 |    40 |    19 ||    78
       Conjure Flame     |     2 |     5 |    22 |    12 ||    41
       Blink             |       |     1 |    10 |    15 ||    26
       Slow              |       |       |     3 |       ||     3
Invok: Channel Energy    |       |       |    24 |     4 ||    28
  Use: Scroll            |     4 |     2 |     5 |       ||    11
       Potion            |       |       |       |     2 ||     2
  Eat: Chunk             |     3 |     5 |    16 |     3 ||    27
       Beef jerky        |       |     1 |       |       ||     1
       Bread ration      |       |       |     3 |     1 ||     4
Armor: Robe              |     1 |     4 |    59 |    27 ||    91
       Animal skin       |       |    14 |       |       ||    14
Dodge: Dodged            |    19 |    59 |   178 |    93 ||   349
       Deflected         |     1 |     1 |     1 |     1 ||     4
Block: Other             |       |       |     6 |    13 ||    19
